 Dungeon Crawl Stone Soup version 0.28-a0-771-g91a516d0e7 (webtiles) character file.

Game seed: 15093980492627989686

1282 Jannitor the Cutter (level 8, -2/59 HPs)
             Began as a Djinni Chaos Knight on Nov 1, 2021.
             Was a Plaything of Xom.
             Slain by a wight (6 damage)
             ... on level 5 of the Dungeon.
             The game lasted 00:12:46 (5865 turns).

Jannitor the Cutter (Djinni Chaos Knight)           Turns: 5865, Time: 00:12:47

Health: -2/59      AC:  5    Str: 17    XL:     8   Next: 84%
Gold:   207        EV: 12    Int: 16    God:    Xom [....*.] SH:  0 Dex: 13

rFire   + + +      SeeInvis .   a - +0 short sword (chaos)
rCold   . . .      Faith    .   (no shield)
rNeg    + . .      Spirit   .   B - +1 leather armour of the Known World {rN+ Str+6}
rPois   ∞          Reflect  .   (helmet restricted)
rElec   .          Harm     .   c - +0 cloak
rCorr   .          Rampage  .   (no gloves)
Will    .....                   (boots unavailable)
Stlth   +++.......              (no amulet)
HPRegen 0.19/turn               o - +4 ring of slaying
MPRegen 0.00/turn               A - ring of protection from cold

@: about to teleport, flying
A: sickness immunity, fire resistance 3, cold vulnerability 1, float, innate
caster, hp casting, extra vitality 1, beak, evolution 1
a: Renounce Religion


You were on level 5 of the Dungeon.
You worshipped Xom.
You were a beloved toy of Xom.
You visited 1 branch of the dungeon, and saw 6 of its levels.
You also visited: Sewer.

You collected 207 gold pieces.

Inventory:

Hand Weapons
 a - a +0 short sword of chaos (weapon)
 h - a +1 dagger of venom
Armour
 b - a +2 leather armour
 c - a +0 cloak (worn)
 j - a +0 helmet
 B - the +1 leather armour of the Known World (worn) {rN+ Str+6}
   (You found it on level 5 of the Dungeon)

   Str:       It affects your strength (+6).
   rN:        It protects you from negative energy.
Jewellery
 o - a +4 ring of slaying (left hand)
 r - a ring of protection from fire
 t - a ring of resist corrosion
 A - a ring of protection from cold (right hand)
Wands
 s - a wand of iceblast (7)
Scrolls
 g - a scroll of brand weapon {unknown}
 i - a scroll of vulnerability
 k - a scroll of silence
 l - 3 scrolls of fog
 p - 3 scrolls of identify
 q - a scroll of enchant weapon {unknown}
 x - a scroll of noise {unknown}
 y - a scroll of fear {unknown}
 C - a scroll of amnesia {unknown}
 D - a scroll of immolation {unknown}
Potions
 d - a potion of curing
 e - a potion of brilliance
 m - a potion of ambrosia {unknown}
 u - a potion of lignification
 v - a potion of cancellation {unknown}
 w - 2 potions of might {unknown}
 z - a potion of magic {unknown}


   Skills:
 + Level 5.0 Fighting
 * Level 6.0 Short Blades
 - Level 1.0 Armour
 - Level 2.1 Dodging
 * Level 5.1 Stealth
 + Level 2.8 Spellcasting


You had 7 spell levels left.
You knew the following spells:

 Your Spells              Type           Power      Damage    Failure   Level
a - Slow                  Hex            44%        N/A       7%          1
b - Static Discharge      Conj/Air       11%        N/A       11%         2
c - Corpse Rot            Necr/Air       22%        N/A       11%         2
Your spell library was empty.

Dungeon Overview and Level Annotations

Branches:
Dungeon (6/15)              Sewer (visited)
 Temple: D:4-7

Altars:
Dithmenos
Xom

Shops:
D:1 *((([


Innate Abilities, Weirdness & Mutations

You are immune to sickness and miasma.
You are immune to poison.
Your flesh is almost immune to the effects of heat. (rF+++)
You are vulnerable to cold. (rC-)
You float through the air rather than walking.
You learn spells naturally, not from books.
Your magical power is your life essence.
You have superior vitality. (+4 HP)
You have a beak for a mouth.
You have hidden genetic potential.


Message History

Press: ? - help, Shift-Dir - straight line, f/p - wight
Aim: a wight, wielding a +3 scimitar and wearing a +0 robe (chance to affect: 47%)
The wight seems to slow down.
You hit the wight. You peck the wight, but do no damage.
The wight is lightly damaged.
The wight hits you with a +3 scimitar!
Your +1 dagger of venom stops dripping with poison.
Your +0 short sword of chaos is briefly surrounded by a scintillating aura of random colours.
a - a +0 short sword of chaos (weapon)
You hit the wight.
The wight flickers and vanishes!
Deactivating autopickup; reactivate with Ctrl-A.
No target in view!
You hit something but do no damage.
Nothing appears to happen.
Something hits you.
You hit something but do no damage.
Nothing appears to happen.
Your peck misses something. Something hits you!
You hit something but do no damage.
Nothing appears to happen.
You peck something. Something hits you!
There is a stone staircase leading up here.
Something hits you!
* * * LOW HITPOINT WARNING * * *
You fly upwards.
Reactivating autopickup.
There is a stone staircase leading down here.
Deactivating autopickup; reactivate with Ctrl-A.
You miss something. Something hits you!
* * * LOW HITPOINT WARNING * * *
Okay, then.
You feel much better. Something hits you!
* * * LOW HITPOINT WARNING * * *
You feel much better. Something hits you! Something hits you!
You emit a cloud of colourful smoke!
Something hits you!
* * * LOW HITPOINT WARNING * * *
Something hits you!
* * * LOW HITPOINT WARNING * * *
As you read the scroll of teleportation, it crumbles to dust.
You feel strangely unstable. Something hits you.
You die...

....#....................##......
#.####..............####.##....#)
####.#....##......### #..#......
####.....####......## ##......8.8
........##.###...[..###..........
.#.........###................8.8
.#..........#......####..........
...........##.....####...........
.#..(......#....@....##..........
..............#.##....#..........
..............#######.#..........
##...............#>.#............
#.............................#..
......##.#..#..............#.##..
.....######.#.....###...#######..
.#...# ##.##......#....###.....
.##..### #..##...................


There were no monsters in sight!

Vanquished Creatures
  Prince Ribbit (D:5)
  A blink frog (D:5)
  An orc warrior (D:5)
  An ogre (D:5)
  3 bullfrogs
  A scorpion (D:5)
  2 bullfrog skeletons (D:5)
  2 jellies
  Terence (D:3)
  3 iguanas
  2 orc wizards (D:5)
  A hound skeleton (D:5)
  Robin (D:3)
  6 adders
  A white imp (D:3)
  2 ufetubi
  2 worms
  3 dart slugs
  5 orcs
  7 ball pythons
  5 bats
  5 endoplasms
  7 giant cockroaches
  12 goblins
  11 hobgoblins
  5 jackals (D:1)
  12 quokkas
  8 frilled lizards
  7 kobolds
  7 rats
125 creatures vanquished.

Notes
Turn   | Place    | Note
-------+----------+-------------------------------------------
     0 | D:1      | Jannitor the Djinni Chaos Knight began the quest for the
                  | Orb.
     0 | D:1      | Reached XP level 1. HP: 20/20 MP: 0/0
    49 | D:1      | XOM: divination: detect creatures
    50 | D:1      | Found Plog's Armour Shoppe.
   122 | D:1      | Found Rudgh's Weapon Boutique.
   128 | D:1      | Found Plog's General Store.
   312 | D:1      | Reached XP level 2. HP: 22/25 MP: 0/0
   327 | D:1      | XOM: potion effect (curing)
   420 | D:1      | Reached skill level 3 in Short Blades
   580 | D:1      | XOM: divination: detect creatures
   649 | D:1      | Found Xidoll's Antique Weapon Boutique.
   650 | D:1      | Found Vocou's Weapon Boutique.
   693 | D:1      | Found a faded altar of an unknown god.
   728 | D:1      | Reached skill level 1 in Stealth
   728 | D:1      | Reached XP level 3. HP: 25/30 MP: 0/0
   728 | D:1      | Learned a level 1 spell: Slow
   729 | D:1      | XOM: potion effect (might)
   899 | D:1      | XOM: silly message
   910 | D:1      | XOM: noise
  1290 | D:2      | Reached XP level 4. HP: 30/35 MP: 0/0
  1581 | D:2      | XOM: divination: detect items
  1606 | D:2      | XOM: cloud trail
  1921 | D:3      | Noticed Robin
  1941 | D:3      | Reached skill level 1 in Spellcasting
  2024 | D:3      | XOM: cloud trail
  2059 | D:3      | Noticed Terence
  2170 | D:3      | Killed Terence
  2171 | D:3      | Reached XP level 5. HP: 24/40 MP: 0/0
  2171 | D:3      | Learned a level 2 spell: Static Discharge
  2298 | D:3      | XOM: butterfly on damage
  2314 | D:3      | XOM: polymorph butterfly -> shapeshifter
  2986 | D:3      | Killed Robin
  3559 | D:4      | XOM: cloud trail
  3581 | D:4      | XOM: give mutations
  3581 | D:4      | Gained mutation: You have a beak for a mouth. [Xom's grace]
  3581 | D:4      | Gained mutation: Your flesh is almost immune to the effects
                  | of heat. (rF+++) [Xom's grace]
  3659 | D:4      | Found a shadowy altar of Dithmenos.
  3799 | D:4      | XOM: scenery: create altars
  3830 | D:5      | Entered Level 5 of the Dungeon
  3835 | D:5      | Reached skill level 4 in Short Blades
  3835 | D:5      | Reached XP level 6. HP: 46/47 MP: 0/0
  3853 | D:5      | Noticed an ice beast
  3857 | D:5      | Noticed an ogre
  3897 | D:5      | XOM: snakes to sticks
  3956 | D:5      | Found a glowing drain.
  3965 | Sewer    | Entered a sewer
  4062 | Sewer    | XOM: scenery: summon butterflies
  4183 | Sewer    | XOM: god gift: +4 ring of protection
  4196 | Sewer    | Reached XP level 7. HP: 35/52 MP: 0/0
  4196 | Sewer    | Learned a level 2 spell: Corpse Rot
  4244 | Sewer    | XOM: cloud trail
  4662 | D:5      | XOM: scenery: summon butterflies
  4798 | D:5      | Noticed Prince Ribbit
  4804 | D:5      | Killed Prince Ribbit
  4805 | D:5      | Reached skill level 5 in Short Blades
  4867 | D:5      | XOM: divination: magic mapping
  4878 | D:5      | Identified the +1 leather armour of the Known World {rN+
                  | Str+6}
  4936 | D:5      | Reached XP level 8. HP: 57/58 MP: 0/0
  4960 | D:5      | Identified the +0 plate armour of Watchfulness {Will++
                  | Str-3}
  5259 | D:5      | Noticed a blink frog
  5259 | D:5      | an ice beast changed into a blink frog
  5259 | D:5      | XOM: polymorph ice beast -> blink frog
  5264 | D:5      | Killed a blink frog
  5429 | D:5      | XOM: give mutations
  5429 | D:5      | Gained mutation: You have hidden genetic potential. [Xom's
                  | mischief]
  5429 | D:5      | Gained mutation: You are frail. (-10% HP) [Xom's mischief]
  5429 | D:5      | Lost mutation: You are frail. (-10% HP) [Xom's mischief]
  5519 | D:6      | Reached skill level 5 in Stealth
  5565 | D:6      | XOM: enchant monster (good)
  5591 | D:6      | Reached skill level 5 in Fighting
  5591 | D:6      | Reached skill level 6 in Short Blades
  5658 | D:5      | XOM: summons 1 hostile demon
  5830 | D:6      | XOM: silly message
  5859 | D:5      | XOM: smoke on damage
  5865 | D:5      | Slain by a wight

Illustrated notes

Levels and vault maps discovered:
D:1:      minmay_arrival_loop, layout_rooms, serial_shops,
          nicolae_shop_competitors_out_of_business, nicolae_shop_stone,
          nicolae_shop_stone, shop_fountains, shop,
          dilly_ecumenical_altar_fadedgnrine, minmay_hexomino_c4
D:2:      layout_rooms, hangedman_abyss_or_decor_lesser_grid
D:3:      layout_basic, uniq_terence, uniq_robin
D:4:      layout_cave_pools, grunt_dithmenos_smoke
D:5:      layout_cave_pools, serial_column_ruins, column_ruins_hut,
          column_ruins_grid_2, column_ruins_grid_1, column_ruins_grid_4,
          column_ruins_corridor_corner, gup_sewer_entry_bubbles,
          uniq_prince_ribbit1
D:6:      layout_basic, chequers_serial_rivers_small_b, uniq_sigmund

Skill      XL: |  1  2  3  4  5  6  7  8 |
---------------+-------------------------+-----
Short Blades   | 3 4 5 6 |  6.0
Stealth        | 1 2 3 4 5 |  5.1
Spellcasting   | 1 2 |  2.8
Fighting       | 4 5 |  5.0
Armour         | |  1.0
Dodging        | |  2.1

Action                   |  1- 3 |  4- 6 |  7- 9 || total
-------------------------+-------+-------+-------++-------
Melee: Short sword       |   111 |    92 |     6 ||   209
       Dagger            |       |   103 |    76 ||   179
       Peck              |       |     9 |    19 ||    28
 Cast: Slow              |       |     7 |     5 ||    12
       Corpse Rot        |       |       |     2 ||     2
Evoke: Wand              |       |       |     3 ||     3
  Use: Scroll            |     2 |     5 |     1 ||     8
       Potion            |       |     5 |     2 ||     7
 Stab: Petrified         |       |     3 |       ||     3
       Sleeping          |       |     7 |     2 ||     9
       Petrifying        |       |     1 |       ||     1
Armor: Leather armour    |    38 |    53 |    15 ||   106
       Skin              |       |    13 |       ||    13
Dodge: Dodged            |    46 |    86 |    25 ||   157

Table legend: (Time is in decaauts)
 A = Elapsed time spent in this place.
 B = Non-inter-level travel time spent in this place.
 C = Inter-level travel time spent in this place.
 D = Time resting spent in this place.
 E = Time spent auto-exploring this place.
 F = Levels seen in this place.
 G = Mean time per level.
                   A        B        C        D        E       F      G
               +--------+--------+--------+--------+--------+-----+--------+
         Total |   5807 |   5662 |    145 |   1518 |   3000 |   7 |  829.6 |
       Dungeon |   5390 |   5245 |    145 |   1407 |   2791 |   6 |  898.3 |
         Sewer |    416 |    416 |      0 |    111 |    209 |   1 |  416.0 |
               +--------+--------+--------+--------+--------+-----+--------+

Top non-repeatable levels by time:
     D:3: 1459 daAuts
     D:5: 1401 daAuts
     D:1: 1025 daAuts
     D:2: 859 daAuts
     D:4: 488 daAuts
   Sewer: 416 daAuts
     D:6: 156 daAuts
